 Dungeon Crawl Stone Soup version 0.18-a0-1180-g64ccc1e (webtiles) character file.

14 st0uf the Ruffian (level 2, -1/23 HPs)
             Began as a Draconian Transmuter on Jan 27, 2016.
             Slain by a hobgoblin
             ... wielding a +0 club
              (4 damage)
             ... on level 1 of the Dungeon.
             The game lasted 00:01:53 (330 turns).

st0uf the Ruffian (Draconian Transmuter)             Turns: 330, Time: 00:01:53

Health: -1/23      AC:  4    Str: 12    XL:     2   Next: 27%
Magic:  4/5        EV: 12    Int: 13    God:
Gold:   40         SH:  0    Dex: 11    Spells: 1 memorised, 4 levels left

rFire  . . .     SeeInvis .       - Unarmed
rCold  . . .     Gourm    .     (armour unavailable)
rNeg   . . .     Faith    .     (no shield)
rPois  .         Spirit   .     (helmet restricted)
rElec  .         Dismiss  .     (no cloak)
rCorr  .         Reflect  .     (no gloves)
SustAt .         Harm     .     (boots currently unavailable)
MR     .....                    (no amulet)
Stlth  +.........               (no ring)
                                (no ring)

@: appendage, not resistant to hostile enchantments, very unstealthy
A: unfitting armour, talons 3, cold-blooded, AC +4
a: End Transformation


You were on level 1 of the Dungeon.
You were not hungry.
You had grown temporary talons.
You visited 1 branch of the dungeon, and saw 1 of its levels.

You collected 40 gold pieces.

Inventory:

Missiles
 a - 12 arrows
Jewellery
 h - an uncursed ring of fire {unknown}
Scrolls
 g - a scroll of fear {unknown}
Potions
 e - a potion of agility {unknown}
 i - a potion of curing {unknown}
Books
 b - a book of Changes

   Spells                             Type                      Level
   a - Beastly Appendage              Transmutation                1
   b - Sticks to Snakes               Transmutation                2
   c - Spider Form                    Transmutation/Poison         3
   d - Ice Form                       Ice/Transmutation            4
   e - Blade Hands                    Transmutation                5
Comestibles
 c - a bread ration
 d - 5 fruits
 f - 5 chunks of flesh


   Skills:
 + Level 1.1 Fighting
 + Level 1.9 Dodging
 + Level 3.3 Unarmed Combat
 + Level 2.1 Spellcasting
 + Level 2.2 Transmutations


You had 4 spell levels left.
You knew the following spells:

 Your Spells              Type           Power        Failure   Level  Hunger
a - Beastly Appendage     Trmt           #.....       12%         1    ##.....


Dungeon Overview and Level Annotations

Branches:
Dungeon (1/15)

Altars:


Innate Abilities, Weirdness & Mutations

Your plain brown scales are hard (AC +4).
Your body does not fit into most forms of armour.
You are cold-blooded and may be slowed by cold attacks.
You have claws for feet.


Message History

The hobgoblin closely misses you. The hobgoblin hits you with a spear.
* * * LOW HITPOINT WARNING * * *
You hit the hobgoblin.
You kill the hobgoblin!
The hobgoblin barely misses you.
Casting: Beastly Appendage
Confirm with . or Enter, or press ? or * to list all spells.
Your feet morph into talons.
You barely miss the hobgoblin.
Your tail-slap misses the hobgoblin.
The hobgoblin barely misses you. The hobgoblin closely misses you.
You hit the hobgoblin. Your kick misses the hobgoblin.
Your tail-slap misses the hobgoblin.
The hobgoblin is heavily wounded.
The hobgoblin hits you with a club.
* * * LOW HITPOINT WARNING * * *
You hit the hobgoblin.
You kill the hobgoblin!
You hit the hobgoblin but do no damage.
Your tail-slap misses the hobgoblin.
The hobgoblin hits you with a club.
You die...

####.#.............#.
#..................#.
#.##.........).....#.
####.##..######...†...#.
#....##..# #..######. #.#####..#
#..# #. #.#...#..## #..# #.
#.#....##...# #..# #.
#.......#@#.# #..#######
..#########.#.#g#... #........#
.............g.g#...###.######.#
..##...###....#.#..............#
#... #....#.#...###.########
#... #..###.#.#.............
#... #... ..# #..##÷########
#.g. ##.##### ##.##[########
#... #.. #...........#


You could see 2 hobgoblins.

Vanquished Creatures
  A giant cockroach (D:1)
  2 goblins (D:1)
  3 hobgoblins (D:1)
  3 bats (D:1)
  A kobold (D:1)
  2 rats (D:1)
12 creatures vanquished.

Notes
Turn   | Place    | Note
--------------------------------------------------------------
     0 | D:1      | st0uf the Draconian Transmuter began the quest for the Orb.
     0 | D:1      | Reached XP level 1. HP: 16/16 MP: 3/3
   288 | D:1      | Reached XP level 2. HP: 23/23 MP: 3/5
   330 | D:1      | Slain by a hobgoblin

Vault maps used:
D:1:      wheals_arrival_linesprint

Action                   || total
-------------------------++-------
Melee: Unarmed           ||    46
 Cast: Beastly Appendage ||     7
